 Dungeon Crawl Stone Soup version 0.17.1-1-g73c8601 (webtiles) character file.

856 JustSomeDude the Skirmisher (level 7, -9/60 HPs)
             Began as a Demonspawn Chaos Knight on Dec 21, 2015.
             Mangled by an ogre
             ... wielding a +0 giant spiked club
              (28 damage)
             ... on level 5 of the Dungeon on Dec 22, 2015.
             The game lasted 00:16:46 (3321 turns).

JustSomeDude the Skirmisher (DsCK)                  Turns: 3321, Time: 00:16:46

Health: -9/60      AC: 10    Str: 13    XL:     7   Next: 70%
Magic:  7/7        EV: 12    Int: 14    God:    Xom [.*....]
Gold:   114        SH:  0    Dex: 13    Spells: 0 memorised, 6 levels left

rFire  + . .     SeeInvis .     a - +0 hand axe (chaos)
rCold  . . .     Clarity  .     k - +0 ring mail
rNeg   . . .     SustAt   .     (no shield)
rPois  .         Gourm    .     (no helmet)
rElec  .         Spirit   .     i - +2 cloak
rCorr  .         Warding  .     (no gloves)
rMut   .         Stasis   .     (no boots)
MR     .....                    (no amulet)
Stlth  +.........               (no ring)
                                (no ring)

@: not resistant to hostile enchantments, very unstealthy
A: talons 1, molten scales 1, fire resistance 1, robust 1, flame cloud immunity
a: Renounce Religion


You were on level 5 of the Dungeon.
You worshipped Xom.
You were a plaything of Xom.
You were not hungry.

You visited 2 branches of the dungeon, and saw 6 of its levels.

You collected 114 gold pieces.

Inventory:

Hand Weapons
 a - a +0 hand axe of chaos (weapon)
 u - a +1 vampiric spear
Missiles
 v - 2 javelins (quivered)
Armour
 b - a +2 leather armour
 i - a +2 cloak (worn)
 k - a +0 ring mail (worn)
Rods
 m - a +0 iron rod (11/11)
   (You found it on level 3 of the Dungeon)
Jewellery
 e - a cursed ring of loudness {unknown}
 j - an uncursed amulet of clarity {unknown}
 r - an uncursed amulet of stasis {unknown}
 A - a cursed -3 ring of intelligence {unknown}
Scrolls
 d - a scroll of blinking {unknown}
 f - 2 scrolls of enchant weapon {unknown}
 g - a scroll of noise {unknown}
 l - 2 scrolls of amnesia {unknown}
 q - 2 scrolls of enchant armour {unknown}
 s - 3 scrolls of identify {unknown}
 w - a scroll of immolation {unknown}
 y - a scroll of fear {unknown}
Potions
 h - 3 potions of agility
 n - a potion of flight {unknown}
 o - 2 potions of brilliance
 p - a potion of resistance
 t - a potion of invisibility {unknown}
 x - a potion of ambrosia {unknown}
 z - a potion of degeneration {unknown}
Comestibles
 c - 3 bread rations


   Skills:
 + Level 4.8 Fighting
 + Level 4.6 Axes
 + Level 4.2 Armour
 + Level 4.1 Dodging
 + Level 2.0 Stealth


You had 6 spell levels left.
You didn't know any spells.

Dungeon Overview and Level Annotations

Branches:
Dungeon (5/15)             Temple (1/1) D:4

Altars:
Ashenzari
Elyvilon
Fedhas
Gozag
Kikubaaqudgha
Nemelex Xobeh
Ru
Sif Muna
Trog
Vehumet
Yredelemnul
Zin


Innate Abilities, Weirdness & Mutations

You have sharp toenails.
You are partially covered in molten scales (AC +1).
Your flesh is heat resistant.
You are immune to clouds of flame.
You are robust (+10% HP).


Message History

The ogre is severely wounded.
You hit the ogre.
The ogre flickers and vanishes!
Deactivating autopickup; reactivate with Ctrl-A.
You claw something. Something hits you!
No target in view!
No target in view!
No target in view!
No target in view!
No target in view!
You barely miss something. Something hits you!!
You hit something. Something hits you!
* * * LOW HITPOINT WARNING * * *
You hit something. You claw something. You closely miss something.
Something shouts, "What's happening?!"
Something shouts, "What's happening?!"
You see here a coral ring.
A - a coral ring You closely miss something.
Your kick misses something. Something hits you!!
You die...

... ... ..# #.# ##+##
#.# ##...## ###.#
##.....##
##.#.####.......##
#####................#
#...............@....+
#.###....###...).....#
#.###....# #........##
#.##...[.# #.#.....##
#.##..#.## #.##...##
#.##..#.# #.###+##
#.))....####O#
####.........#
#.######.l.


There were no monsters in sight!

Vanquished Creatures
  Grinder (D:5)
  A phantom (D:4)
  A crimson imp (D:5)
  3 hounds (D:4)
  An orc priest (D:5)
  3 orc wizards (D:4)
  Jessica (D:2)
  4 worker ants
  A hound zombie (D:3)
  Robin (D:4)
  7 adders
  2 gnolls
  A shadow imp (D:4)
  An ooze (D:1)
  An adder skeleton (D:4)
  6 giant geckos
  10 orcs
  10 bats
  7 hobgoblins
  3 jackals (D:3)
  5 kobolds
  A quokka (D:2)
  4 ball pythons
  4 giant cockroaches
  A giant newt (D:2)
  7 goblins
  2 jackal skeletons
  A quokka skeleton (D:3)
  7 rats
97 creatures vanquished.

Vanquished Creatures (collateral kills)
  An adder skeleton (D:4)
  An orc (D:4)
  A goblin (D:4)
3 creatures vanquished.

Vanquished Creatures (others)
  4 goblins (D:4)
  3 hobgoblins (D:4)
7 creatures vanquished.

Grand Total: 107 creatures vanquished

Notes
Turn   | Place    | Note
--------------------------------------------------------------
     0 | D:1      | JustSomeDude the Demonspawn Chaos Knight began the quest for the Orb.
     0 | D:1      | Reached XP level 1. HP: 18/18 MP: 1/1
   144 | D:1      | Reached skill level 1 in Dodging
   260 | D:1      | Gained mutation: Your flesh is heat resistant. [demonic ancestry]
   260 | D:1      | Reached XP level 2. HP: 24/24 MP: 2/2
   519 | D:1      | XOM: divination: detect items
   659 | D:1      | XOM: cast spell 'Summon Butterflies'
   732 | D:1      | XOM: harmless Pois miscast
   841 | D:2      | XOM: mild Summ miscast
   957 | D:2      | Gained mutation: You are immune to clouds of flame. [demonic ancestry]
   957 | D:2      | Reached XP level 3. HP: 21/29 MP: 3/3
  1064 | D:2      | XOM: confuse monster(s)
  1203 | D:2      | Noticed Jessica
  1209 | D:2      | XOM: cast spell 'Confusing Touch'
  1212 | D:2      | Killed Jessica
  1212 | D:2      | Reached XP level 4. HP: 33/37 MP: 4/4
  1687 | D:3      | XOM: colour smoke trail
  1695 | D:3      | XOM: confuse monster(s)
  1732 | D:3      | XOM: give mutation
  1732 | D:3      | Gained mutation: You are robust (+10% HP). [Xom's grace]
  1756 | D:3      | Reached skill level 4 in Fighting
  1756 | D:3      | Reached XP level 5. HP: 20/46 MP: 5/5
  2121 | D:4      | Found a staircase to the Ecumenical Temple.
  2146 | Temple   | Entered the Ecumenical Temple
  2380 | Temple   | XOM: mild Erth miscast
  2420 | D:4      | Noticed Robin
  2421 | D:4      | Noticed a phantom
  2424 | D:4      | XOM: confuse monster(s)
  2440 | D:4      | Killed Robin
  2452 | D:4      | XOM: summons friendly white imp
  2455 | D:4      | XOM: confuse monster(s)
  2464 | D:4      | XOM: potion effect (agility)
  2501 | D:4      | Killed a phantom
  2501 | D:4      | Gained mutation: You have sharp toenails. [demonic ancestry]
  2501 | D:4      | Reached XP level 6. HP: 21/52 MP: 6/6
  2755 | D:4      | XOM: summons friendly white imp
  2824 | D:4      | XOM: harmless Tloc miscast
  2916 | D:4      | XOM: silly message
  2973 | D:4      | Gained mutation: You are partially covered in molten scales (AC +1). [demonic ancestry]
  2973 | D:4      | Reached XP level 7. HP: 60/60 MP: 7/7
  3088 | D:5      | Entered Level 5 of the Dungeon
  3092 | D:5      | XOM: 2-stop teleportation journey
  3100 | D:5      | Noticed Grinder
  3102 | D:5      | Reached skill level 1 in Stealth
  3121 | D:5      | Killed Grinder
  3124 | D:5      | XOM: harmless Conj miscast
  3321 | D:5      | Mangled by an ogre

Action                   |  1- 3 |  4- 6 |  7- 9 || total
-------------------------+-------+-------+-------++-------
Melee: Hand axe          |    94 |   251 |    68 ||   413
  Use: Potion            |     2 |     5 |       ||     7
 Stab: Sleeping          |     1 |       |       ||     1
       Confused          |       |     4 |       ||     4
       Petrifying        |       |       |     2 ||     2
       Petrified         |       |       |     2 ||     2
       Paralysed         |       |       |     2 ||     2
  Eat: Meat ration       |       |     1 |       ||     1
       Bread ration      |       |     1 |       ||     1
